AoeStats
← xxzxg_Nono

Arena

510037570Analyzed
3v3 RM · 3d ago on Sep 29, 2026· 51m 59s· 6 players
Game mode
Random Map
Map size
Normal (6 player)
Population
200
Speed
Normal
Resources
Standard
Victory
Conquest
Starting age
Dark Age
Ending age
Imperial Age
RankedLock teamsTeams togetherTeam positionsShared explorationLock speedFull tech treeHidden civsTurbo modeCheats
Victory
Defeat
🇨🇦 Danes · Canada
1023
+14
🇺🇸 Teutons · United States
1016
+14
🇨🇦 Georgians · Canada
808
+22
🇨🇳 Bohemians · China
990
-18
🇧🇷 Franks · Brazil
955
-16
🇺🇸 Bulgarians · United States
943
-16
PsicoDelico
3:33 Loom
11:52 Feudal Age
12:22 Double-Bit Axe
16:11 Castle Age
16:25 Gold Mining
17:21 Bow Saw
19:21 Wheelbarrow
27:25 Husbandry
28:57 Forging
28:53 Scale Barding Armor
31:40 Imperial Age
29:26 Hand Cart
28:57 Town Watch
30:06 Iron Casting
31:56 Cavalier
33:07 Caravan
34:10 Blast Furnace
33:30 Chain Barding Armor
33:38 Paladin
36:20 Conscription
37:29 Gold Shaft Mining
36:45 Stone Mining
36:53 Cranequins
39:14 Ordonnance Companies
42:45 Chemistry
41:31 Arrowslits
41:52 Siege Engineers
41:30 Treadmill Crane
42:11 Ballistics
41:48 Murder Holes
45:14 Capped Ram
47:17 Chain Barding Armor
46:48 Fletching
49:55 Bodkin Arrow
50:36 Plate Barding Armor
51:04 Light Cavalry
TheJustice
10:48 Feudal Age
16:04 Castle Age
15:03 Scale Mail Armor
15:16 Forging
15:23 Scale Barding Armor
16:56 Double-Bit Axe
16:54 Horse Collar
24:55 Chain Mail Armor
25:43 Squires
25:06 Pikeman
26:11 Gold Mining
26:53 Bow Saw
28:55 Iron Casting
28:20 Arson
29:48 Wheelbarrow
29:01 Loom
29:04 Town Watch
31:37 Squires
38:13 Imperial Age
38:14 Capped Ram
39:05 Siege Ram
41:42 Fletching
41:47 Siege Ram
44:29 Chain Barding Armor
45:10 Blast Furnace
45:41 Murder Holes
47:04 Plate Barding Armor
xxzxg_Nono
11:17 Feudal Age
16:09 Castle Age
14:16 Double-Bit Axe
14:32 Horse Collar
15:30 Loom
21:00 Bow Saw
21:40 Fletching
22:38 Ballistics
23:06 Fletching
26:31 Masonry
30:01 Chemistry
30:24 Heavy Plow
31:23 Wagenburg Tactics
31:58 Husbandry
Caillou
9:52 Loom
11:57 Feudal Age
14:06 Horse Collar
17:48 Castle Age
16:26 Double-Bit Axe
21:21 Fletching
22:11 Bodkin Arrow
24:54 Wheelbarrow
28:55 Imperial Age
30:40 Chemistry
30:09 Bow Saw
29:42 Onager
34:41 Crenellations
34:44 Conscription
34:45 Heavy Plow
36:33 Two-Man Saw
35:54 Hand Cart
36:11 Crop Rotation
35:33 Gold Mining
37:25 Siege Engineers
37:41 Ballistics
37:26 Stone Mining
39:38 Stone Shaft Mining
39:20 Masonry
39:21 Fortified Wall
40:00 Ironclad
40:24 Hoardings
40:10 Heavy Scorpion
pipe4ndres
10:10 Feudal Age
10:39 Double-Bit Axe
17:34 Castle Age
15:43 Horse Collar
18:54 Bow Saw
19:37 Scale Barding Armor
20:13 Loom
21:40 Town Watch
23:29 Gold Mining
24:39 Fervor
25:07 Heavy Plow
25:54 Wheelbarrow
26:40 Bloodlines
28:18 Stone Mining
28:51 Hand Cart
29:12 Forging
30:50 Sanctity
31:11 Chain Barding Armor
32:03 Stone Shaft Mining
32:23 Husbandry
33:02 Iron Casting
36:33 Imperial Age
34:52 Fletching
36:38 Cavalier
37:57 Plate Barding Armor
38:23 Blast Furnace
37:55 Conscription
41:37 Elite Monaspa
45:11 Aznauri Cavalry
46:24 Town Patrol
49:31 Chemistry
48:52 Ballistics
50:47 Siege Engineers
53:03 Crop Rotation
Izumi
11:14 Feudal Age
11:57 Double-Bit Axe
14:45 Castle Age
15:48 Scale Mail Armor
16:15 Arson
18:20 Bow Saw
23:33 Horse Collar
23:56 Stone Mining
24:04 Stone Mining
27:18 Heavy Plow
29:02 Wheelbarrow
29:31 Gold Mining
30:25 Hand Cart
34:36 Imperial Age
32:35 Loom
34:44 Forging
34:50 Chain Mail Armor
35:41 Conscription
34:50 Hamask
34:51 Elite Jomsviking
35:55 Heavy Scorpion
39:41 Elite Varangian Guard
41:21 Plate Mail Armor
41:27 Iron Casting
40:28 Pikeman
50:21 Squires
Connection lost

Rejoining the realm…

Still unreachable

The connection could not be restored.

Session expired

The server has moved on; the page needs a fresh start.